AoeStats
← kpsu8366

QS Arena

503343354Analyzed
4v4 RM · 1mo ago on Aug 31, 2026· 6m 13s· 8 players
Game mode
Random Map
Map size
Large (8 player)
Population
200
Speed
Normal
Resources
Standard
Victory
Conquest
Starting age
Dark Age
Ending age
Imperial Age
RankedLock teamsTeams togetherTeam positionsShared explorationLock speedFull tech treeHidden civsTurbo modeCheats
Victory
Defeat
🇨🇳 Spanish · China
1038
+17
🇨🇳 Hindustanis · China
1019
+18
🇯🇵 Franks · Japan
1018
+18
🇨🇳 Goths · China
998
+18
🇨🇳 Huns · China
1077
-19
🇷🇺 Vietnamese · Russia
1063
-18
🇨🇳 Wu · China
1063
-18
🇨🇳 Mongols · China
1005
-15
KEVINWEN
7:28 Feudal Age
food
0:29 Loom
koctuong
4:02 Loom
6:45 Feudal Age
king vitt
0:55 Loom
8:19 Feudal Age
六六六
0:33 Loom
卢本伟
1:39 Loom
yigjiajsdihna
kpsu8366
Connection lost

Rejoining the realm…

Still unreachable

The connection could not be restored.

Session expired

The server has moved on; the page needs a fresh start.